 Dungeon Crawl Stone Soup version 0.18-a0-514-ga7d9996 (webtiles) character file.

30 MrRokkomies the Cudgeler (level 3, 0/36 HPs)
             Began as an Ogre Skald on Dec 3, 2015.
             Slain by Natasha (8 damage)
             ... on level 2 of the Dungeon.
             The game lasted 00:01:36 (1269 turns).

MrRokkomies the Cudgeler (Ogre Skald)               Turns: 1269, Time: 00:01:36

Health: 0/36       AC:  3    Str: 17    XL:     3   Next: 20%
Magic:  3/6        EV:  9    Int: 12    God:
Gold:   41         SH:  0    Dex:  9    Spells: 2 memorised, 3 levels left

rFire  . . .     SeeInvis .     a - +0 mace
rCold  . . .     Clarity  .     b - +0 robe
rNeg   . . .     SustAt   .     (no shield)
rPois  .         Gourm    .     (helmet restricted)
rElec  .         Spirit   .     (no cloak)
rCorr  .         Dismiss  .     (gloves unavailable)
rMut   .         Stasis   .     (boots unavailable)
MR     .....                    (no amulet)
Stlth  +.........               (no ring)
                                (no ring)

@: lethally poisoned (0 -> -5), very slightly contaminated, not resistant to
hostile enchantments, very unstealthy
A: unfitting armour, tough skin 1
a: no special abilities


You were on level 2 of the Dungeon.
You were very hungry.

You visited 1 branch of the dungeon, and saw 2 of its levels.

You collected 41 gold pieces.

Inventory:

Hand Weapons
 a - a +0 mace (weapon)
Armour
 b - a +0 robe (worn)
Scrolls
 e - a scroll of random uselessness {unknown}
 g - a scroll of enchant weapon {unknown}
 j - a scroll of recharging {unknown}
 k - 2 scrolls of identify {unknown}
 l - a scroll of fear {unknown}
Potions
 f - 2 potions of heal wounds {unknown}
 h - a potion of degeneration {unknown}
Books
 c - a book of Battle

   Spells                             Type                      Level
   a - Infusion                       Charms                       1
   b - Shroud of Golubria             Charms/Translocation         2
   c - Song of Slaying                Charms                       2
   d - Spectral Weapon                Hexes/Charms                 3
   e - Regeneration                   Charms/Necromancy            3
Comestibles
 d - a bread ration
 i - a slice of pizza


   Skills:
 - Level 2.6 Fighting
 * Level 4.0 Maces & Flails
 - Level 1.3 Dodging
 - Level 2.4 Spellcasting
 * Level 2.6 Charms


You had 3 spell levels left.
You knew the following spells:

 Your Spells              Type           Power        Failure   Level  Hunger
a - Infusion              Chrm           #.....       12%         1    ##.....
b - Shroud of Golubria    Chrm/Tloc      #.........   28%         2    ###....


Dungeon Overview and Level Annotations

Branches:
Dungeon (2/15)

Altars:

Annotations:
D:2 Natasha


Innate Abilities, Weirdness & Mutations

You are too large for most types of armour.
You have tough skin (AC +1).


Message History

Natasha barely misses you. The adder bites you.
The giant cockroach barely misses you.
You closely miss the adder.
The adder is severely wounded.
The adder bites you but does no damage. Natasha claws you.
The giant cockroach closely misses you.
You hit the adder.
You kill the adder!
Your Maces & Flails skill increases to level 4!
You have reached level 3!
Your experience leads to an increase in your attributes!
Increase (S)trength, (I)ntelligence, or (D)exterity?
You feel clever.
You feel stronger.
You feel sick. Natasha claws you.
* * * LOW HITPOINT WARNING * * *
The giant cockroach barely misses you.
Natasha wildly gestures.
Natasha shimmers violently.
Natasha claws you!
You die...

.. ...........##
.h##............
#................
.............#..
....!..........
#...........
.#####........## #
.......sh......##.#.#
.#....@..........#.# #.
....#..........##...##..
..# #..........##.......
...............<......
......................
....###..............#..
.... #.................
### ...................
.=..................


You could see Natasha and a giant cockroach.

Vanquished Creatures
  An adder (D:2)
  An ooze (D:1)
  3 goblins (D:1)
  2 hobgoblins (D:1)
  3 bats (D:1)
  A giant gecko (D:1)
  2 giant newts (D:1)
  3 jackals (D:1)
  2 kobolds (D:1)
  2 rats (D:1)
20 creatures vanquished.

Notes
Turn   | Place    | Note
--------------------------------------------------------------
     0 | D:1      | MrRokkomies the Ogre Skald began the quest for the Orb.
     0 | D:1      | Reached XP level 1. HP: 22/22 MP: 3/3
    85 | D:1      | Reached skill level 3 in Maces & Flails
   570 | D:1      | Reached XP level 2. HP: 29/29 MP: 5/5
   726 | D:1      | Learned a level 2 spell: Shroud of Golubria
  1261 | D:2      | Noticed Natasha
  1269 | D:2      | Reached skill level 4 in Maces & Flails
  1269 | D:2      | Reached XP level 3. HP: 12/36 MP: 3/6
  1269 | D:2      | Slain by Natasha

Vault maps used:
D:1:      evilmike_arrival_plus
D:2:      gammafunk_temple_overflow_pools, uniq_natasha

Action                   || total
-------------------------++-------
Melee: Mace              ||    75
